Map: Laboratoria Avalon

Players

HAJPER - Winner!

  • Race: Terran Terran

Retsech - Winner!

  • Race: Terran Terran

Gracz - Winner!

  • Race: Terran Terran

SI 3 (Średnio trudna)

  • Race: Zerg Zerg

SI 4 (Średnio trudna)

  • Race: Terran Terran

SI 5 (Średnio trudna)

  • Race: Protoss Protoss

VOD

Have the link to the VOD?

Description

Time

  • Played on: Feb. 19, 2016, 3:55 p.m.
  • Length: 18:36
Show
View Real Time Build Order
Export as new Build Order

HAJPER Terran - Winner!

Build Orders: Command Center First (CC) 

Get SALT Encoding   

  12  0:15  SCV  
  13  0:27  SCV  
  14  0:39  SCV  
  15  1:03  Supply Depot  
  15  1:25  SCV  
  16  1:37  Supply Depot, SCV  
  17  1:41  Command Center  
  17  1:42  Barracks  
  17  1:47  Barracks  
  17  1:49  SCV  
  19  2:01  SCV  
  19  2:12  Refinery  
  19  2:13  SCV  
  19  2:14  Refinery  
  20  2:25  SCV  
  21  2:37  SCV  
  22  2:48  Barracks Tech Lab  
  22  2:49  SCV  
  23  3:01  Barracks Tech Lab  
  23  3:02  SCV  
  23  3:04  Orbital Command  
  24  3:14  SCV  
  25  3:22  Ghost Academy  
  25  3:26  SCV  
  26  3:30  Reaper x2  
  28  3:38  SCV  
  29  3:50  SCV  
  30  4:02  Marine, Reaper  
  32  4:11  SCV  
  33  4:23  SCV  
  34  4:27  Personal Cloaking  
  34  4:32  Factory  
  34  4:35  SCV  
  34  4:37  Marauder  
  37  4:41  Refinery  
  37  4:47  SCV  
  38  5:15  Factory  
  38  5:50  SCV  
  38  5:56  SCV  
  40  6:02  SCV, Marauder  
  40  6:03  Marauder  
  44  6:08  SCV  
  45  6:15  SCV  
  46  6:19  Factory Tech Lab  
  46  6:25  Supply Depot  
  46  6:29  SCV x2  
  46  6:30  Marauder x2  
  52  6:41  SCV x2  
  52  6:46  Factory Tech Lab  
  54  6:47  Siege Tank  
  54  6:51  Marauder x2  
  54  6:54  SCV  
  62  6:55  Supply Depot  
  62  7:12  Marauder x2  
  66  7:19  Siege Tank  
  66  7:22  Supply Depot  
  69  7:34  Marauder x2  
  73  7:45  Supply Depot  
  73  7:51  Siege Tank  
  73  7:55  Reaper x2  
  78  8:08  Supply Depot  
  78  8:23  Siege Tank  
  81  8:27  Reaper x2  
  81  8:30  Supply Depot, Starport  
  83  8:37  Starport  
  83  8:54  Bunker  
  83  8:56  Siege Tank  
  83  8:57  Siege Tank  
  83  8:59  Reaper x2  
  91  9:31  Reaper x2  
  93  10:04  Marauder x2  
  93  10:25  Marauder x2  
  93  10:27  Medivac x2  
  101  10:38  Refinery  
  101  10:40  SCV  
  102  10:46  Marauder x2  
  106  10:52  SCV  
  107  10:57  Viking x2  
  112  11:04  SCV  
  112  11:08  Marauder x2  
  116  11:16  SCV  
  117  11:27  Viking x2  
  117  11:29  Marauder x2  
  125  11:57  Supply Depot, Viking x2  
  129  12:20  Supply Depot  
  129  12:27  Viking x2  
  133  13:02  Marauder x2  
  137  13:23  Marauder  
  137  13:24  Marauder  
  115  13:45  Marauder x2  
  117  13:54  Viking x2  
  118  13:58  Siege Tank  
  118  13:59  Siege Tank  
  124  14:06  Marauder x2  
  126  14:24  Viking x2  
  124  14:27  Marauder  
  124  14:28  Marauder  
  124  14:30  Siege Tank  
  124  14:31  Siege Tank  
  136  14:54  Viking x2  
  140  15:02  Siege Tank  
  140  15:03  Siege Tank  
  146  15:10  Marauder  
  146  15:11  Marauder  
  150  15:41  Viking, Marauder x2  
  156  15:54  Viking  
  156  16:02  Marauder x2  
  160  16:11  Viking  
  162  16:24  Viking, Marauder x2  
  168  16:30  Siege Tank  
  168  16:32  Hellion  
  173  17:05  Supply Depot  
  173  17:06  Supply Depot x2  
  173  17:07  Supply Depot x4  
  173  17:08  Supply Depot  
  173  17:09  Liberator  
  173  17:10  Liberator, Supply Depot  
  173  17:25  Marauder  
  173  17:26  Hellion x2, Marauder  
  171  17:46  Marauder  
  171  17:48  Hellion x2, Marauder  
  176  18:08  Marauder  
  176  18:09  Hellion x2, Marauder  
Show
View Real Time Build Order
Export as new Build Order

Retsech Terran - Winner!

Build Orders: Bio Tank 

Get SALT Encoding   

  12  0:05  SCV  
  13  0:18  SCV  
  13  0:20  Supply Depot  
  14  0:30  SCV  
  15  0:42  SCV  
  16  0:51  Barracks  
  16  0:54  SCV  
  16  0:55  Refinery  
  17  1:01  Refinery  
  17  1:06  SCV  
  17  1:11  Supply Depot  
  18  1:20  SCV  
  20  1:32  SCV  
  20  1:42  Barracks Tech Lab  
  20  1:44  SCV  
  21  1:50  Barracks  
  21  1:57  SCV  
  22  2:08  Combat Shields  
  22  2:12  Orbital Command  
  22  2:38  Barracks Tech Lab  
  22  2:45  Marine  
  23  3:03  Factory, Marine  
  23  3:04  Factory  
  24  3:12  Engineering Bay  
  24  3:15  Marine  
  25  3:21  Marine  
  26  3:27  Concussive Shells  
  26  3:31  Stimpack  
  26  3:34  Marauder  
  28  3:39  Marine  
  29  3:50  Factory Tech Lab  
  29  3:51  Factory Tech Lab  
  29  3:55  Marine  
  30  3:57  Marauder  
  32  4:12  Marine  
  33  4:18  Marauder  
  35  4:30  Marine  
  35  4:31  Command Center  
  36  4:40  Siege Tank, Marauder  
  41  5:05  Supply Depot  
  41  5:06  Supply Depot  
  41  5:10  Supply Depot  
  41  5:39  Terran Infantry Weapons Level 1  
  41  5:44  Refinery  
  41  5:55  SCV  
  42  6:07  SCV  
  42  6:09  Refinery  
  41  6:19  SCV  
  41  6:25  SCV  
  43  6:28  Marine x2  
  43  6:31  SCV  
  46  6:37  SCV, Siege Tank  
  50  6:43  SCV  
  50  6:45  Marine  
  52  6:49  SCV  
  53  6:55  SCV  
  53  6:57  Siege Tank  
  57  7:01  SCV  
  57  7:07  SCV  
  59  7:13  SCV  
  60  7:19  SCV  
  61  7:25  SCV  
  59  7:33  Terran Infantry Armor Level 1  
  54  7:47  Marine  
  54  7:48  Marauder  
  57  7:53  Siege Tank x2  
  63  8:01  Orbital Command  
  63  8:05  Marine  
  63  8:08  SCV  
  63  8:09  Marauder  
  67  8:20  SCV  
  67  8:23  Marine  
  67  8:25  Siege Tank x2  
  75  8:31  Marauder  
  75  8:32  SCV  
  78  8:41  Marine  
  78  8:44  SCV  
  78  8:48  SCV  
  81  8:56  SCV  
  81  9:00  SCV  
  83  9:03  Marine, Marauder  
  83  9:07  Cyclone  
  92  9:20  Marine  
  93  9:25  Marauder  
  93  9:28  Cyclone  
  95  9:38  Marine  
  95  9:39  Cyclone  
  99  9:46  Marauder  
  101  9:56  Marine  
  102  10:01  Cyclone  
  105  10:07  Marauder  
  104  10:14  Marine  
  105  10:23  Siege Tank  
  108  10:28  Marine  
  108  10:32  Marine  
  110  11:07  Supply Depot  
  110  11:08  Supply Depot  
  110  11:09  Supply Depot  
  110  11:10  Supply Depot  
  110  11:11  Supply Depot  
  110  11:29  Marine x2, Siege Tank x2  
  118  11:46  Marine x2  
  126  12:01  Siege Tank x2  
  126  12:04  Marine x2  
  128  12:22  Marine  
  131  12:23  Marauder  
  131  12:33  Siege Tank x2  
  137  12:40  Marine  
  140  12:44  Marauder  
  140  12:58  Marine  
  141  13:05  Siege Tank  
  132  16:50  Cyclone  
  132  16:51  Cyclone  
  138  17:23  Cyclone x2  
  141  17:55  Cyclone x2  
Show
View Real Time Build Order
Export as new Build Order

Gracz Terran - Winner!

Build Orders:  

Get SALT Encoding   

  12  0:22  Supply Depot  
  12  0:46  Refinery  
  12  0:59  SCV  
  12  1:01  Refinery  
  13  1:11  SCV  
  14  1:31  Command Center  
  14  1:42  Barracks  
  14  2:15  SCV  
  15  2:27  SCV  
  16  2:39  Barracks Tech Lab  
  16  2:40  SCV  
  16  2:41  Barracks  
  16  2:42  Barracks Reactor  
  17  2:52  SCV  
  18  2:59  Refinery  
  18  3:00  SCV  
  18  3:04  SCV  
  20  3:12  SCV  
  21  3:16  SCV  
  22  3:33  Barracks Reactor  
  22  3:36  Refinery, SCV  
  22  3:37  SCV  
  24  3:48  SCV  
  24  3:49  SCV  
  26  4:03  SCV  
  26  4:04  Orbital Command  
  27  4:14  Reaper  
  27  4:15  SCV, Reaper x3  
  32  4:47  Reaper x4  
  36  5:19  Factory, Reaper x4  
  40  5:29  SCV  
  41  5:41  SCV  
  41  5:42  Factory  
  42  5:51  Reaper x4  
  46  6:02  SCV  
  43  6:14  SCV  
  44  6:26  SCV  
  44  6:31  Supply Depot  
  45  6:37  Starport  
  45  6:38  SCV  
  46  6:46  Starport  
  46  6:52  Supply Depot  
  46  6:53  SCV, Reaper x4  
  41  7:57  Fusion Core  
  41  7:59  Starport Tech Lab  
  41  8:00  Starport Tech Lab  
  41  8:13  Starport  
  41  8:16  Reaper x3  
  41  8:17  Reaper  
  45  8:36  Medivac  
  45  8:38  Medivac  
  49  8:48  Reaper x2  
  51  8:49  Reaper x2  
  51  8:53  Factory Reactor, Factory Tech Lab  
  53  9:08  Starport Reactor  
  53  9:44  Battlecruiser  
  65  10:00  Battlecruiser  
  65  10:33  Behemoth Reactor  
  65  10:54  Starport  
  71  11:26  Battlecruiser  
  71  11:30  Weapon Refit  
  77  11:40  Supply Depot  
  77  11:47  Battlecruiser  
  77  12:02  Medivac x2  
  79  12:14  Engineering Bay  
  76  12:32  Medivac x2  
  80  12:38  Battlecruiser  
  80  12:42  Starport Tech Lab  
  86  13:03  Starport  
  86  13:18  Battlecruiser, Supply Depot  
  80  16:26  Battlecruiser  
  80  16:29  Medivac x2  
  80  16:31  Battlecruiser  
  102  16:33  Supply Depot  
  102  16:48  Battlecruiser  
  102  16:59  Medivac x2  
  104  17:29  Medivac x2  
  114  18:16  Supply Depot  
Show
View Real Time Build Order
Export as new Build Order

SI 3 (Średnio trudna) Zerg 

Build Orders: Pool First 

Get SALT Encoding   

  12  0:01  Drone  
  13  0:12  Overlord  
  13  0:17  Drone  
  14  0:30  Drone  
  14  0:33  Drone  
  16  0:44  Spawning Pool  
  16  0:45  Drone  
  17  0:50  Drone  
  17  0:53  Extractor  
  17  0:55  Drone  
  17  1:05  Overlord  
  17  1:31  Zergling x2, Queen  
  20  1:36  Roach Warren  
  20  1:38  Drone  
  20  1:42  Zergling x2, Extractor  
  20  1:49  Drone  
  21  2:00  Drone  
  22  2:10  Overlord  
  22  2:21  Roach  
  24  2:32  Roach  
  26  2:37  Overlord  
  26  2:44  Roach  
  28  2:45  Drone  
  28  2:49  Drone  
  30  2:54  Drone  
  31  3:05  Drone  
  32  3:09  Roach, Drone  
  32  3:12  Drone  
  36  3:16  Overlord  
  36  3:22  Baneling Nest  
  35  3:28  Roach  
  35  3:32  Evolution Chamber  
  36  3:38  Drone  
  36  3:41  Roach, Drone  
  40  5:20  Zergling x2  
  40  5:21  Lair, Drone, Overlord  
  41  5:24  Drone, Spore Crawler  
  41  5:27  Drone, Spore Crawler  
  41  5:28  Baneling  
  42  5:30  Drone  
  42  5:34  Hatchery  
  42  5:35  Zergling x2  
  43  5:43  Zergling x2  
  44  5:50  Zergling x2  
  45  5:57  Baneling  
  45  5:58  Zergling x2, Overlord  
  46  6:08  Spine Crawler, Zergling x2  
  46  6:11  Drone  
  39  6:15  Zergling x2  
  34  6:19  Spire  
  34  6:20  Drone  
  34  6:21  Overseer x2  
  34  6:22  Hydralisk Den  
  34  6:23  Drone  
  34  6:24  Infestation Pit  
  33  6:26  Drone  
  34  6:34  Spine Crawler, Drone  
  34  6:44  Queen  
  36  6:48  Drone  
  36  6:51  Drone  
  38  6:56  Drone  
  38  7:00  Drone  
  40  7:05  Drone  
  40  7:08  Drone  
  42  7:11  Drone  
  42  7:14  Drone  
  44  7:17  Drone  
  44  7:20  Drone  
  46  7:23  Drone  
  46  7:26  Drone  
  46  7:27  Spore Crawler  
  46  7:29  Drone  
  48  7:30  Mutalisk  
  48  7:32  Drone  
  48  7:35  Drone  
  52  7:38  Drone  
  52  7:42  Drone  
  52  7:43  Spore Crawler  
  53  7:46  Drone  
  53  7:50  Queen  
  56  7:52  Drone  
  56  7:55  Mutalisk  
  56  7:56  Evolution Chamber  
  56  7:57  Drone  
  59  8:02  Mutalisk  
  61  8:09  Spine Crawler, Mutalisk  
  61  8:10  Drone  
  61  8:11  Spine Crawler  
  62  8:13  Drone  
  62  8:16  Mutalisk  
  65  8:46  Extractor  
  64  8:49  Extractor, Drone  
  64  9:09  Drone  
  65  9:12  Drone  
  65  9:15  Drone  
  67  9:17  Overlord  
  67  9:18  Drone  
  67  9:21  Drone  
  69  9:24  Drone  
  70  9:35  Hive, Corruptor  
  70  9:36  Overlord  
  70  9:37  Overseer  
  72  9:39  Pneumatized Carapace  
  72  9:40  Hatchery  
  72  9:44  Zerg Melee Weapons Level 1  
  71  9:47  Infestor  
  73  9:56  Zerg Ground Armor Level 1  
  70  10:00  Corruptor  
  68  10:12  Infestor  
  60  10:25  Zergling x2  
  61  10:29  Burrow  
  61  10:51  Greater Spire, Ultralisk Cavern  
  61  10:53  Drone  
  61  10:54  Queen  
  61  10:56  Drone  
  64  11:00  Extractor, Drone  
  64  11:03  Drone  
  64  11:04  Spore Crawler  
  64  11:06  Drone  
  64  11:07  Spore Crawler  
  64  11:08  Extractor  
  64  11:09  Drone  
  64  11:12  Drone, Spore Crawler  
  64  11:15  Drone  
  64  11:18  Drone  
  66  11:21  Drone  
  66  11:24  Drone  
  68  11:27  Drone  
  68  11:30  Drone  
  70  11:33  Spine Crawler, Drone  
  70  11:36  Drone  
  70  11:37  Spine Crawler  
  70  11:39  Drone, Zerg Missile Weapons Level 1  
  71  12:02  Corruptor  
  71  12:03  Brood Lord  
  71  12:06  Spire  
  75  12:08  Drone  
  75  12:15  Brood Lord, Corruptor  
  79  13:17  Roach  
  79  13:19  Overlord  
  81  13:21  Roach  
  81  13:25  Roach  
  85  13:28  Roach  
  85  13:31  Hydralisk  
  82  13:36  Roach  
  82  13:38  Overlord  
  82  13:39  Roach  
  86  13:44  Roach  
  86  13:48  Roach  
  82  13:51  Hydralisk  
  84  13:56  Roach, Overlord  
  84  13:57  Overseer  
  84  14:02  Overlord  
  76  14:08  Overlord  
  76  14:09  Overlord  
  64  14:18  Overlord  
  60  14:28  Roach  
  62  14:35  Evolution Chamber  
  62  14:36  Overseer  
  62  14:37  Overlord x2  
  59  14:40  Overlord  
  59  14:42  Hatchery  
  57  14:49  Lair  
  54  14:55  Overlord  
  54  14:58  Overlord  
  54  15:00  Overlord  
  54  15:01  Overlord  
  54  15:03  Overlord  
  53  15:09  Evolution Chamber  
  52  15:22  Roach, Overlord  
  54  15:28  Hydralisk  
  56  15:38  Spawning Pool  
  56  15:40  Overlord  
  55  15:43  Overlord  
  55  15:44  Evolution Chamber  
  55  15:45  Overlord  
  54  15:51  Spire  
  54  15:54  Infestation Pit  
  52  15:59  Extractor  
  52  16:01  Overseer  
  52  16:03  Overseer  
  51  16:04  Overlord  
  51  16:05  Extractor  
  48  16:24  Hydralisk Den, Overlord  
  45  16:28  Zergling x2, Spore Crawler  
  45  16:29  Drone  
  45  16:32  Roach Warren  
  45  16:33  Hive, Drone  
  45  16:37  Spore Crawler  
  45  16:39  Drone  
  46  16:43  Baneling Nest, Overlord  
  45  16:49  Drone  
  46  16:54  Hydralisk  
  48  17:02  Spine Crawler  
  48  17:03  Overlord  
  48  17:04  Spine Crawler, Drone  
  48  17:05  Corruptor  
  48  17:07  Drone  
  50  17:15  Infestor  
  50  17:22  Overlord  
  51  17:26  Zergling x2  
  51  17:28  Drone  
  53  17:31  Drone  
  53  17:33  Zergling x2  
  53  17:34  Overseer, Drone  
  50  17:38  Spine Crawler  
  50  17:40  Mutalisk  
  50  17:41  Overseer, Overlord  
  50  17:42  Hydralisk Den  
  46  17:46  Roach Warren  
  35  17:51  Spore Crawler  
  35  17:55  Evolution Chamber  
  35  17:57  Spore Crawler  
  30  17:59  Overlord x2  
  30  18:01  Overlord  
  30  18:04  Evolution Chamber  
  25  18:08  Baneling Nest  
  24  18:13  Spawning Pool  
Show
View Real Time Build Order
Export as new Build Order

SI 4 (Średnio trudna) Terran 

Build Orders:  

Get SALT Encoding   

  12  0:01  SCV  
  13  0:13  SCV  
  14  0:19  Supply Depot  
  14  0:25  SCV  
  15  0:40  SCV  
  16  0:43  Barracks  
  16  0:49  Refinery  
  16  0:52  SCV  
  17  1:04  SCV  
  18  1:18  Supply Depot  
  18  1:29  Orbital Command  
  18  1:30  Marine  
  19  1:34  Barracks  
  19  1:42  Refinery  
  19  1:48  Barracks Tech Lab  
  19  2:06  Marine  
  20  2:15  Supply Depot  
  20  2:24  Marine  
  21  2:32  Marine  
  22  2:45  Marine  
  22  2:46  Supply Depot  
  23  2:56  SCV  
  23  2:58  Marine  
  25  3:08  SCV  
  25  3:11  Marine  
  27  3:14  Engineering Bay  
  27  3:20  SCV  
  27  3:24  Marine  
  29  3:32  SCV  
  30  3:37  Marauder  
  32  3:44  SCV  
  33  3:49  Marine  
  33  3:50  Supply Depot  
  34  3:56  SCV  
  35  4:03  Marauder  
  37  4:24  Marauder  
  37  4:28  SCV  
  39  4:46  Marauder  
  41  6:41  Barracks Tech Lab  
  41  6:45  Factory  
  41  6:48  Factory  
  41  6:51  Supply Depot  
  41  6:52  Command Center  
  41  6:56  Missile Turret  
  41  6:58  Missile Turret  
  41  7:00  Sensor Tower  
  41  7:05  Barracks  
  41  7:10  Marine  
  34  7:20  Bunker  
  29  7:23  Marine  
  28  7:34  Starport  
  28  7:35  Factory Tech Lab x2  
  28  7:36  Marine  
  29  7:38  Armory  
  27  7:49  Marine  
  28  7:53  Barracks Reactor  
  28  8:02  Marine  
  28  8:05  Refinery, SCV  
  30  8:08  SCV  
  31  8:14  Missile Turret, Starport Tech Lab  
  31  8:15  Marine  
  31  8:17  Missile Turret, SCV  
  31  8:19  Refinery  
  33  8:20  SCV  
  34  8:28  Marine  
  34  8:29  SCV  
  34  8:32  SCV  
  37  8:34  Raven  
  37  8:37  Bunker  
  37  8:41  Marine, SCV  
  41  8:45  SCV  
  42  8:53  SCV  
  42  8:54  Marauder  
  45  8:57  SCV  
  46  9:05  SCV  
  46  9:07  Siege Tank  
  46  9:09  SCV  
  51  9:17  SCV, Raven  
  51  9:20  Siege Tank  
  51  9:21  SCV  
  58  9:29  SCV  
  59  9:33  SCV, Marauder  
  62  9:41  SCV  
  62  9:45  SCV  
  64  9:46  Cyclone  
  67  11:35  Siege Tank  
  67  11:36  Medivac  
  67  11:38  Combat Shields, Stimpack  
  67  11:39  Terran Infantry Weapons Level 1  
  72  11:42  Marine, Starport  
  72  11:45  Supply Depot  
  73  11:50  Marine, Ghost Academy  
  74  11:56  Fusion Core  
  74  12:01  Engineering Bay  
  74  12:06  Raven  
  74  12:07  Siege Tank  
  79  12:10  Armory, Command Center  
  79  12:12  Supply Depot  
  79  12:14  Siege Tank  
  62  12:17  Starport Tech Lab  
  62  12:21  Marine  
  58  12:27  Terran Infantry Armor Level 1  
  58  12:28  Marine  
  59  12:36  Medivac, Marine  
  62  12:43  Marine  
  63  12:49  Raven  
  63  12:50  Marine  
  66  12:57  Marine  
  67  13:05  Siege Tank, Raven  
  70  13:12  Marine  
  73  13:19  Marine  
  74  13:25  SCV  
  75  13:28  SCV  
  75  13:32  Viking, SCV  
  76  13:34  Hellion  
  76  13:37  SCV  
  76  13:40  SCV  
  66  13:44  SCV, Marauder  
  66  13:46  Refinery  
  51  13:48  Medivac  
  51  13:49  SCV  
  51  13:51  Hellion  
  51  13:52  SCV  
  52  13:56  SCV  
  52  13:59  Marauder  
  52  14:01  SCV  
  52  14:02  Raven  
  46  14:04  Missile Turret, SCV  
  46  14:06  Hellion  
  46  14:08  SCV  
  48  14:13  SCV  
  48  14:14  Marauder  
  48  14:17  SCV  
  52  14:21  Hellion, Supply Depot  
  52  14:24  SCV  
  42  14:29  Missile Turret  
  42  14:30  SCV  
  38  14:31  Refinery  
  38  14:32  Factory Reactor  
  38  14:36  SCV  
  37  14:41  Engineering Bay  
  37  14:42  SCV  
  36  14:48  Supply Depot, Orbital Command  
  36  14:52  Factory, Barracks Tech Lab  
  27  15:11  SCV  
  28  15:14  SCV  
  19  15:23  SCV  
  19  15:26  SCV  
  17  15:38  SCV  
  11  16:15  Supply Depot  
  9  16:43  SCV  
  9  16:56  SCV  
  9  16:59  Engineering Bay  
  9  17:01  Supply Depot  
  9  17:08  SCV  
  2  17:46  Command Center  
  2  18:13  Command Center  
Show
View Real Time Build Order
Export as new Build Order

SI 5 (Średnio trudna) Protoss 

Build Orders:  

Get SALT Encoding   

  12  0:01  Probe (Chrono Boost)  
  13  0:12  Probe (Chrono Boost)  
  14  0:20  Pylon  
  14  0:22  Probe (Chrono Boost)  
  15  0:38  Probe (Chrono Boost)  
  16  0:47  Assimilator  
  16  0:48  Probe (Chrono Boost)  
  17  0:50  Gateway  
  17  0:59  Probe (Chrono Boost)  
  17  1:01  Pylon  
  18  1:27  Gateway  
  18  1:33  Assimilator  
  18  1:34  Zealot  
  20  1:43  Cybernetics Core  
  20  1:59  Zealot  
  20  2:06  Pylon  
  22  2:13  Warp Gate  
  22  2:19  Stalker  
  24  2:41  Stalker  
  26  3:02  Pylon  
  26  3:03  Stalker, Probe (Chrono Boost)  
  29  3:14  Probe (Chrono Boost)  
  30  3:25  Adept  
  30  3:26  Forge  
  30  3:27  Probe (Chrono Boost)  
  33  3:38  Probe (Chrono Boost)  
  34  3:45  Stalker  
  36  3:50  Probe (Chrono Boost)  
  37  4:01  Probe (Chrono Boost)  
  38  4:17  Stalker  
  40  6:55  Stalker  
  40  6:58  Robotics Facility  
  42  7:02  Pylon  
  42  7:05  Nexus, Photon Cannon  
  42  7:09  Sentry, Photon Cannon  
  42  7:12  Stargate  
  42  7:15  Twilight Council  
  44  7:18  Gateway  
  44  7:22  Forge, Adept  
  40  7:36  Stalker  
  32  7:44  Observer  
  32  7:50  Stalker  
  35  8:03  Zealot  
  35  8:04  Observer  
  38  8:17  Adept  
  38  8:19  Probe (Chrono Boost)  
  41  8:23  Probe (Chrono Boost)  
  42  8:28  Assimilator  
  42  8:31  Probe (Chrono Boost), Zealot  
  46  8:34  Probe (Chrono Boost)  
  46  8:35  Pylon  
  46  8:38  Pylon  
  46  8:40  Assimilator  
  46  8:43  Probe (Chrono Boost)  
  46  8:44  Stalker  
  46  8:45  Probe (Chrono Boost)  
  50  8:55  Probe (Chrono Boost)  
  51  8:56  Probe (Chrono Boost)  
  51  8:58  Stalker  
  54  9:03  Photon Cannon  
  54  9:06  Probe (Chrono Boost), Photon Cannon  
  54  9:07  Probe (Chrono Boost)  
  56  9:12  Stalker  
  59  9:17  Probe (Chrono Boost)  
  59  9:18  Probe (Chrono Boost)  
  60  9:27  Probe (Chrono Boost)  
  60  9:30  Probe (Chrono Boost)  
  63  9:38  Probe (Chrono Boost)  
  63  9:41  Probe (Chrono Boost)  
  64  9:49  Probe (Chrono Boost)  
  64  9:51  Probe (Chrono Boost)  
  66  9:59  Probe (Chrono Boost)  
  67  11:25  Protoss Ground Weapons Level 1, Protoss Ground Armor Level 1  
  67  11:27  Immortal  
  71  11:35  Nexus, Gateway  
  71  11:38  Robotics Facility  
  71  11:39  Zealot  
  73  11:43  Stargate  
  73  11:50  Pylon  
  73  11:51  Templar Archives  
  73  11:53  Dark Shrine  
  73  11:55  Fleet Beacon  
  73  11:57  Robotics Bay  
  73  12:01  Warp Prism  
  73  12:04  Stalker  
  55  12:13  Stalker  
  57  12:23  Zealot  
  57  12:25  Warp Prism  
  61  12:32  Stalker  
  61  12:35  Observer  
  63  12:42  Observer Gravitic Boosters, Zealot  
  66  12:51  Sentry, Probe (Chrono Boost)  
  69  12:53  Probe (Chrono Boost)  
  69  12:54  Assimilator  
  69  12:57  Pylon, Probe (Chrono Boost)  
  71  12:58  Pylon  
  71  12:59  Assimilator  
  71  13:00  Adept  
  71  13:03  Probe (Chrono Boost)  
  71  13:04  Probe (Chrono Boost)  
  75  13:08  Probe (Chrono Boost)  
  75  13:09  Immortal  
  80  13:15  Probe (Chrono Boost)  
  80  13:16  Probe (Chrono Boost)  
  83  13:20  Probe (Chrono Boost)  
  83  13:21  Photon Cannon  
  83  13:23  Photon Cannon  
  83  13:26  Probe (Chrono Boost)  
  84  13:28  Probe (Chrono Boost)  
  84  13:32  Stalker  
  84  13:33  Gravitic Drive  
  69  13:42  Adept  
  67  13:51  Zealot  
  69  14:01  Zealot  
  69  14:10  Sentry  
  69  14:13  Void Ray  
  73  14:25  Zealot  
  75  14:31  Immortal  
  87  15:03  Pylon  
  87  15:05  Zealot  
  79  15:11  Stalker  
  53  16:04  Pylon  
Tags
 
Add a new tag
Caveats
  • Supply blocks, unpowered buildings, or Contaminate may cause inaccurate times.
  • Supply counts are checked every 10 seconds.